Map: Станция «Король Седжон» РВ

Players

samoZLO - Winner!

  • Race: Terran Terran
  • League: Diamond
  • Spawn Location: 5:00

FreeZ

  • Race: Terran Terran
  • League: Diamond
  • Spawn Location: 11:00

VOD

Have the link to the VOD?

Description

Time

  • Played on: Feb. 23, 2017, 1:44 p.m.
  • Length: 4:24
Show
View Real Time Build Order
Export as new Build Order

samoZLO Terran - Winner!

Build Orders: Cyclone Opening 

Get SALT Encoding   

  12  0:01  SCV  
  13  0:14  SCV  
  14  0:18  Supply Depot  
  14  0:26  SCV  
  15  0:40  SCV  
  16  0:46  Barracks  
  16  0:49  Refinery  
  16  0:54  Refinery  
  16  0:57  SCV  
  17  1:09  SCV  
  18  1:21  SCV  
  19  1:34  Factory  
  19  1:36  Orbital Command  
  19  1:43  Barracks Reactor  
  19  2:07  SCV  
  19  2:08  Supply Depot  
  20  2:24  Cyclone  
  26  2:30  Cyclone  
  26  2:33  SCV  
  26  2:35  Supply Depot  
  27  2:53  SCV  
  27  2:56  Cyclone  
  31  3:02  Cyclone  
  34  3:28  Cyclone  
  34  3:32  SCV  
  38  3:45  SCV  
  38  4:08  SCV  
Show
View Real Time Build Order
Export as new Build Order

FreeZ Terran 

Build Orders:  

Get SALT Encoding   

  12  0:01  SCV  
  13  0:13  SCV  
  14  0:17  Supply Depot  
  14  0:25  SCV  
  15  0:39  SCV  
  15  0:40  Barracks  
  16  0:45  Refinery  
  16  0:51  SCV  
  17  1:03  SCV  
  18  1:15  SCV  
  19  1:29  Orbital Command  
  19  1:30  Reaper  
  20  1:52  Barracks  
  20  1:56  Bunker  
  20  1:58  SCV  
  20  2:00  Bunker  
  21  2:05  Reaper  
  21  2:07  Supply Depot  
  22  2:12  SCV  
  23  2:17  Barracks  
  23  2:25  Refinery  
  23  2:29  Factory, SCV  
  24  2:36  Marine  
  25  2:41  SCV  
  26  2:47  Barracks Reactor  
  26  2:59  Marine  
  27  3:09  Command Center  
  27  3:12  SCV  
  27  3:30  Supply Depot  
  27  3:52  Cyclone, Reaper  
  27  3:53  Marine  
  31  3:58  Marine  
Tags
 
Add a new tag
Caveats
  • Supply blocks, unpowered buildings, or Contaminate may cause inaccurate times.
  • Supply counts are checked every 10 seconds.